 Dungeon Crawl Stone Soup version 0.30.1-11-g7821555f0a (webtiles) character file.

Game seed: 7397129380877411784

28342 Derak the Severer (level 13, -2/125 HPs)
             Began as a Minotaur Berserker on Dec 11, 2023.
             Was the Champion of Trog.
             Slain by a necromancer
             ... wielding a +0 war axe
              (3 damage)
             ... on level 13 of the Dungeon on Dec 12, 2023.
             The game lasted 01:20:22 (10698 turns).

Derak the Severer (Minotaur Berserker)             Turns: 10698, Time: 01:20:23

Health: -2/125     AC: 20    Str: 26    XL:     13   Next: 9%
Magic:  12/12      EV: 15    Int:  4    God:    Trog [******]
Gold:   530        SH:  0    Dex: 17    Spells: 12/12 levels left

rFire   . . .        N - +5 battleaxe
rCold   . . .        (shield currently unavailable)
rNeg    . . .        p - +3 chain mail
rPois   .            (helmet restricted)
rElec   .            E - +1 cloak
rCorr   .            (no gloves)
SInv    .            m - +1 pair of boots
Will    .....        l - amulet of regeneration Stlth
                     h - +6 ring of dexterity
HPRegen 1.20/turn    D - ring of flight
MPRegen 0.13/turn

%: no passive effects
@: flying
A: horns 2, retaliatory headbutt
a: Renounce Religion, Berserk, Trog's Hand, Brothers in Arms


You were on level 13 of the Dungeon.
You worshipped Trog.
Trog was exalted by your worship.
You visited 1 branch of the dungeon, and saw 13 of its levels.
You also visited: Sewer.

You collected 726 gold pieces.
You spent 196 gold pieces at shops.

Inventory:

Hand Weapons
 i - a +2 executioner's axe of venom
 M - a +1 heavy war axe
 N - a +5 battleaxe (weapon)
 R - a +1 heavy battleaxe
Armour
 j - a +0 plate armour
 m - a +1 pair of boots (worn)
 p - a +3 chain mail (worn)
 E - a +1 cloak (worn)
 V - a +2 buckler
Jewellery
 h - a +6 ring of dexterity (left hand)
 l - an amulet of regeneration (around neck)
 D - a ring of flight (right hand)
 I - a ring of see invisible
 J - an amulet of the acrobat
 Q - a +4 ring of protection
Wands
 w - a wand of digging (8) (quivered)
 B - a wand of flame (28)
 F - a wand of iceblast (25)
 P - a wand of mindburst (3)
 T - a wand of acid (9)
Scrolls
 a - a scroll of immolation {unknown}
 d - 4 scrolls of blinking
 e - 4 scrolls of amnesia
 f - 8 scrolls of teleportation
 k - 5 scrolls of identify
 o - a scroll of vulnerability
 y - 3 scrolls of magic mapping
 z - 2 scrolls of enchant armour
 G - 2 scrolls of fog
 O - a scroll of butterflies {unknown}
 S - a scroll of fear
Potions
 c - 2 potions of berserk rage {unknown}
 g - a potion of experience {unknown}
 n - 3 potions of magic
 q - 4 potions of resistance
 r - 3 potions of might
 s - 2 potions of cancellation
 t - 3 potions of brilliance
 u - a potion of haste {unknown}
 v - 3 potions of heal wounds
 x - 4 potions of curing
 H - a potion of flight
 U - 2 potions of mutation


   Skills:
 + Level 14.6 Fighting
 + Level 15.7 Axes
 + Level 12.0 Armour
 + Level 11.0 Dodging


You had 12 spell levels left.
You didn't know any spells.
Your spell library was empty.

Dungeon Overview and Level Annotations

Branches:
Dungeon (13/15)            Temple (0/1) D:5            Lair (0/5) D:8
    Orc (0/2) D:12          Sewer (visited)
 Vaults: D:13-14

Altars:
Cheibriados
Fedhas
Nemelex Xobeh
Okawaru
Trog
Uskayaw
Vehumet
Zin

Shops:
D:5 ?   D:6 !   D:13 *


Innate Abilities, Weirdness & Mutations

You have a pair of horns on your head.
You reflexively headbutt those who attack you in melee.


Message History

The hell knight hits you with a +5 broad axe of flaming!
The hell knight burns you.
The necromancer gestures wildly while chanting.
The necromancer binds the souls of nearby monsters.
The hell knight barely misses you.
Your Armour skill increases to level 12!
Your Dodging skill increases to level 11!
You slice the hell knight!!
The hell knight is almost dead.
You hit the hell knight.
The hell knight utters an invocation to its god.
The hell knight blinks!
The necromancer casts a spell.
The necromancer binds the souls of nearby monsters.
The hell knight mumbles some strange prayers to its god against you.
The bolt of fire hits you!
The hell knight hits you from afar with a +2 demon trident!!
The hell knight hits you with a +2 demon whip of flaming.
The hell knight burns you.
You slice the hell knight!! You headbutt the hell knight.
You kill the hell knight!
Trog accepts your kill.
A freezing mist starts to gather...
A hell knight simulacrum comes into view.
The hell knight hits you from afar with a +2 demon trident.
A necromancer comes into view. It is wielding a +0 dagger.
You barely miss the hell knight simulacrum.
You completely miss the hell knight. You miss the necromancer.
The hell knight hits you from afar with a +2 demon trident!!
* * * LOW HITPOINT WARNING * * *
The hell knight barely misses you. You furiously retaliate!
You headbutt the hell knight. The necromancer closely misses you.
The hell knight hits you but does no damage.
The hell knight hits you with a +5 broad axe of flaming!!
* * * LOW HITPOINT WARNING * * *
The hell knight burns you.
* * * LOW HITPOINT WARNING * * *
The necromancer attacks as you move away!
The necromancer hits you with a +0 war axe.
You die...

#..............##....
#..........###.##....
###..........###.##....
##...........).##.##....
#..#....................
#................###....
#.#############..# #....
#.#....Z......#..# #....
#.#.###@≈≈###.#..# #####
#§#†#pp§p...# #..#
#§≈†#p#####.# #..#
##.§§#p # #..# #.§≈§#
#..# #.§§.# #..# #..≈.#
#..# #..#.# #..# #..#.#
#..#


You could see 2 hell knights, 3 necromancers and a hell knight simulacrum.

Vanquished Creatures
  Josephine (D:13)
  A vault guard (D:13)
  A two-headed ogre (D:9)
  4 centaur warriors
  A boulder beetle (D:12)
  2 hell knights (D:13)
  An orc knight (D:13)
  4 cyclopes
  3 ugly things
  A guardian serpent (D:11)
  4 gargoyles (D:12)
  An unseen horror (D:12)
  2 kobold demonologists
  A komodo dragon (D:12)
  5 trolls
  A hornet (D:7)
  Sigmund (D:4)
  11 slime creatures
  23 yaks
  2 wyverns
  7 wraiths
  A basilisk (D:12)
  11 vampire mosquitoes
  3 water moccasins
  7 hell hounds (D:13)
  5 acid dragons
  4 black bears (D:8)
  A sky beast (D:7)
  6 orc warriors
  2 ice beasts
  8 centaurs
  2 phantoms (D:5)
  7 kobold brigands
  6 bullfrogs
  2 gnoll sergeants
  2 scorpions
  14 wights
  8 killer bees (D:11)
  2 howler monkeys
  A lava snake (D:8)
  3 jellies
  4 hounds
  9 orc priests
  A sleepcap (D:6)
  3 gnoll boudas
  2 iguanas
  7 orc wizards
  Terence (D:3)
  13 gnolls
  13 adders
  7 river rats (Sewer)
  A shadow imp (D:8)
  A white imp (D:8)
  4 worms
  A dart slug (D:2)
  30 orcs
  7 ball pythons
  6 endoplasms
  2 giant cockroaches
  10 hobgoblins
  6 jackals
  35 kobolds
  2 quokkas
  7 bats
  2 frilled lizards
  3 goblins
  20 rats
369 creatures vanquished.

Notes
Turn   | Place    | Note
-------+----------+-------------------------------------------
     0 | D:1      | Derak the Minotaur Berserker began the quest for the Orb.
     0 | D:1      | Reached XP level 1. HP: 19/19 MP: 0/0
    44 | D:1      | Reached skill level 4 in Axes
    80 | D:1      | Reached XP level 2. HP: 20/26 MP: 1/1
   283 | D:1      | Reached skill level 5 in Axes
   283 | D:1      | Reached XP level 3. HP: 6/31 MP: 2/2
   592 | D:1      | Reached ** piety under Trog
  1124 | D:2      | Reached skill level 6 in Axes
  1124 | D:2      | Reached XP level 4. HP: 27/39 MP: 3/3
  1572 | D:3      | Found a faded altar of an unknown god.
  1928 | D:3      | Noticed Terence
  1934 | D:3      | Killed Terence
  2264 | D:3      | Found a glowing drain.
  2268 | Sewer    | Entered a sewer
  2283 | Sewer    | Reached skill level 7 in Axes
  2283 | Sewer    | Reached XP level 5. HP: 45/45 MP: 4/4
  2284 | Sewer    | Reached *** piety under Trog
  2400 | Sewer    | Reached XP level 6. HP: 52/53 MP: 5/5
  2597 | Sewer    | Reached **** piety under Trog
  2792 | D:4      | Reached skill level 5 in Fighting
  2818 | D:4      | Found a hide-covered altar of Uskayaw.
  2850 | D:4      | Noticed Sigmund
  2857 | D:4      | Killed Sigmund
  2858 | D:4      | Reached skill level 8 in Axes
  2858 | D:4      | Reached XP level 7. HP: 46/62 MP: 6/6
  3488 | D:5      | Entered Level 5 of the Dungeon
  3491 | D:5      | Reached skill level 9 in Axes
  3578 | D:5      | You fall into a shaft and drop 3 floors!
  3916 | D:7      | Reached XP level 8. HP: 72/74 MP: 7/7
  3937 | D:7      | Noticed a hornet
  3944 | D:7      | Paralysed by a hornet for 2 turns
  3948 | D:7      | Killed a hornet
  3949 | D:7      | Reached skill level 10 in Axes
  4157 | D:7      | Found a glowing silver altar of Zin.
  4251 | D:7      | Found the Hermit's Pendant {Faith Invo=14 Evo=0 MP+5}
  4363 | D:6      | Found Kur Daemm's Distillery.
  4378 | D:6      | Bought 2 potions of heal wounds for 100 gold pieces
  4378 | D:6      | Bought a potion of might for 40 gold pieces
  4399 | D:6      | Reached skill level 11 in Axes
  4500 | D:5      | Found a bloodstained altar of Trog.
  4664 | D:5      | Reached XP level 9. HP: 80/84 MP: 8/8
  4791 | D:5      | Found a staircase to the Ecumenical Temple.
  4934 | D:5      | Found Nyocsiuny's Magic Scroll Shoppe.
  4943 | D:5      | Bought a scroll of identify for 28 gold pieces
  4943 | D:5      | Bought a scroll of identify for 28 gold pieces
  5450 | D:6      | Reached ***** piety under Trog
  5986 | D:8      | Reached skill level 10 in Fighting
  6048 | D:8      | Found a staircase to the Lair.
  6059 | D:8      | Identified the +0 robe "Innass" {Archmagi}
  6060 | D:8      | Reached skill level 5 in Armour
  6106 | D:8      | Reached skill level 12 in Axes
  6124 | D:8      | Reached skill level 5 in Dodging
  6324 | D:8      | Reached XP level 10. HP: 94/94 MP: 9/9
  6940 | D:9      | Noticed a two-headed ogre
  6944 | D:9      | Killed a two-headed ogre
  6945 | D:9      | Reached skill level 13 in Axes
  7081 | D:9      | Found an iron altar of Okawaru.
  7081 | D:9      | Found a snail-covered altar of Cheibriados.
  7176 | D:9      | Found a blossoming altar of Fedhas.
  7300 | D:9      | Reached XP level 11. HP: 97/104 MP: 10/10
  7521 | D:10     | Entered Level 10 of the Dungeon
  7743 | D:10     | Received a gift from Trog
  8126 | D:10     | Found a sparkling altar of Nemelex Xobeh.
  8139 | D:10     | Found a radiant altar of Vehumet.
  8429 | D:11     | Noticed a sixfirhy
  8738 | D:12     | Noticed a centaur warrior
  8738 | D:12     | Noticed a brown ugly thing
  8846 | D:12     | Reached skill level 14 in Axes
  8865 | D:12     | Found a staircase to the Orcish Mines.
  8897 | D:12     | Noticed a boulder beetle
  8903 | D:12     | Killed a boulder beetle
  9272 | D:12     | Killed a brown ugly thing
  9350 | D:12     | Killed a centaur warrior
  9351 | D:12     | Reached skill level 10 in Armour
  9367 | D:12     | Reached XP level 12. HP: 39/115 MP: 11/11
  9508 | D:12     | Reached ****** piety under Trog
 10049 | D:13     | Found Com Wuwn's General Store.
 10079 | D:13     | Noticed a centaur warrior
 10092 | D:13     | Killed a centaur warrior
 10092 | D:13     | Noticed Josephine
 10103 | D:13     | Killed Josephine
 10104 | D:13     | Reached skill level 15 in Axes
 10104 | D:13     | Reached skill level 10 in Dodging
 10292 | D:13     | Noticed a centaur warrior
 10303 | D:13     | Killed a centaur warrior
 10317 | D:13     | Noticed a vault guard
 10320 | D:13     | Killed a vault guard
 10326 | D:13     | Noticed a centaur warrior
 10329 | D:13     | Killed a centaur warrior
 10570 | D:13     | Reached XP level 13. HP: 104/125 MP: 12/12
 10697 | D:13     | HP: 5/125 [hell knight/+5 broad axe of flaming (20)]
 10697 | D:13     | HP: 1/125 [hell knight/+5 broad axe of flaming (4)]
 10698 | D:13     | Slain by a necromancer

Illustrated notes

Levels and vault maps discovered:
D:1:      dpeg_arrival_houses_and_road, layout_rooms, supply_closet_lemuel,
          minmay_liquid_box
D:2:      layout_basic
D:3:      layout_loops_ring, gup_sewer_entry_bowl, nicolae_ecumenical_oubliette,
          uniq_terence
D:4:      layout_rooms, mainiacjoe_overflow_brackets, uniq_sigmund
D:5:      layout_loops_cross, lightli_temple_of_fire,
          minmay_temple_entry_statues_fountains, serial_shops, shop_statue
D:6:      layout_cave_pools, serial_shops, nicolae_stop_n_shop_2, serial_glass,
          glass_columns_c, glass_columns_b, glass_columns_c, glass_columns_a,
          glass_columns_a, glass_columns_a, glass_columns_b, glass_columns_a,
          glass_columns_b, glass_columns_a, due_unseen_surprise,
          item_on_display_a, minmay_strange_pillars, feat_on_display,
          abandoned_shop
D:7:      layout_loops_ring, mainiacjoe_overflow_tiny_flanked
D:8:      layout_basic, due_lair_maze_entry_diamond, minmay_misc_feat_x,
          kennysheep_opposing_triangles
D:9:      layout_roguey, kennysheep_mini, gammafunk_temple_overflow_pools
D:10:     layout_loops_ring, mainiacjoe_overflow_swirl, minmay_crystal_water
D:11:     layout_rooms, nrook_guardian_serpent_ordinary
D:12:     minmay_s_stair_smasher, layout_loops_ring, orc_0_dummy
D:13:     layout_roguey, david_vaults_5, serial_shops, shop,
          minmay_rotating_lava, uniq_josephine

Skill      XL: |  1  2  3  4  5  6  7  8  9 10 11 12 13 |
---------------+----------------------------------------+-----
Axes           | 4 5 6 7 8 9 11 12 13 14 15 | 15.7
Fighting       | 4 5 7 9 10 11 13 14 | 14.6
Armour         | 3 5 8 10 11 12 | 12.0
Dodging        | 5 7 9 10 11 | 11.0

Action                     |  1- 3 |  4- 6 |  7- 9 | 10-12 | 13-15 || total
---------------------------+-------+-------+-------+-------+-------++-------
  Melee: Hand axe          |    44 |       |       |       |       ||    44
         Headbutt          |     7 |    12 |    33 |   102 |     4 ||   158
         Executioner's axe |    34 |    93 |   168 |    69 |       ||   364
         Battleaxe         |       |       |       |   344 |    16 ||   360
 Invoke: Trog's Hand       |       |       |     1 |       |       ||     1
         Berserk           |       |       |       |     1 |       ||     1
  Evoke: Wand              |       |       |     2 |       |       ||     2
    Use: Potion            |       |       |     4 |     3 |       ||     7
         Scroll            |       |       |    10 |     5 |       ||    15
   Stab: Sleeping          |     1 |     1 |       |       |       ||     2
         Distracted        |       |       |       |     1 |       ||     1
 Armour: Animal skin       |     5 |       |       |       |       ||     5
         Leather armour    |    12 |     4 |       |       |       ||    16
         Plate armour      |       |    78 |   138 |   260 |       ||   476
         Chain mail        |       |       |       |     9 |    12 ||    21
  Dodge: Dodged            |    55 |    51 |    73 |   225 |    23 ||   427
